[Event "Late-Titled-Tuesday-Blitz-September-12-2023"]
[Site "Chess.com"]
[Date "2023.09.12"]
[Round "11"]
[White "chessdjw"]
[Black "Joshukid"]
[Result "0-1"]
[WhiteElo "2706"]
[BlackElo "2560"]
[TimeControl "180+1"]
[EndTime "16:00:00 PDT"]
[Termination "Joshukid won on time"]

1. e4 d5 2. exd5 Qxd5 3. Nc3 Qd6 4. d4 a6 5. Nf3 Nf6 6. Ne5 Nc6 7. Nxc6 Qxc6 8. d5 Qd7 9. Qf3 g6 10. Bg5 Bg7 11. O-O-O O-O 12. h4 Qf5 13. Be2 Qxf3 14. Bxf3 Rb8 15. Rhe1 Re8 16. Bf4 Bf5 17. Bxc7 Rbc8 18.
d6 exd6 19. Rxe8+ Nxe8 20. Bb6 Bxc3 21. bxc3 Rxc3 22. Bd4 Rxc2+ 23. Kb1 Rxf2+ 24. Ka1 Rc2 25. h5 Be6 26. h6 Rxa2+ 27. Kb1 Ra3 28. Rc1 Rb3+ 29.
Ka1 Kf8 30. Bf2 a5 31. Bd1 Ra3+ 32. Kb2 Ra2+ 33. Kb1 Rxf2 34. Bf3 b5 35. Rc2 Bf5 36.
Be4 Bxe4 37. g4 Rxc2 38. g5 a4 39. Ka1 b4 40. Kb1 b3 41. Ka1 a3 42. Kb1 Rc3+ 0-1

[Event "Late-Titled-Tuesday-Blitz-September-12-2023"]
[Site "Chess.com"]
[Date "2023.09.12"]
[Round "11"]
[White "Mikhail_Golubev"]
[Black "Sinquefield"]
[Result "0-1"]
[WhiteElo "2589"]
[BlackElo "2477"]
[TimeControl "180+1"]
[EndTime "16:00:01 PDT"]
[Termination "Sinquefield won on time"]

1. e4 a6 2. d4 e6 3. Bd3 g6 4. Ne2 c6 5. O-O Ne7 6. e5 d6 7. exd6 Qxd6 8. Nd2 Bg7 9. Ne4 Qd8 10. Bg5 Nd7 11. Nd6+ Kf8 12. Qd2 h6 13. Bf4 e5 14.
Bg3 exd4 15. Bc4 Nd5 16. Bxd5 cxd5 17. Nxd4 Ne5 18. Qb4 Kg8 19. Rfe1 a5 20. Qa3 Nc4 21. Nxc4 dxc4 22. Rad1 Qb6 23. Re7 Bxd4 24. Bc7 Qf6 25. Re8+ Kh7 26. Rxh8+ Kxh8 27. Qf8+ Kh7 0-1

[Event "Late-Titled-Tuesday-Blitz-September-12-2023"]
[Site "Chess.com"]
[Date "2023.09.12"]
[Round "11"]
[White "KorolDimitriy75"]
[Black "IngOscarArdila"]
[Result "0-1"]
[WhiteElo "2337"]
[BlackElo "2266"]
[TimeControl "180+1"]
[EndTime "16:00:02 PDT"]
[Termination "IngOscarArdila won on time"]

1. d4 Nf6 2. c4 e6 3. Nc3 Bb4 4.
Qc2 O-O 5. e4 d6 6. e5 dxe5 7.
dxe5 Nfd7 8. Nf3 Nc5 9. Bg5 f6 10. exf6 gxf6 11. Rd1 Nbd7 12. Be3 Qe7 13. a3 Bxc3+ 14.
Qxc3 Ne4 15. Qc2 f5 16. Be2 b6 17. O-O Bb7 18. Rfe1 Rad8 19. b4 c5 20. b5 Rf7 21.
Nd2 Ndf6 22. Nxe4 Bxe4 23. Qc1 Rg7 24. f3 Bb7 25. Rxd8+ Qxd8 26. Rd1 Qc7 27. Qc3 Nh5 28. Kh1 f4 29. Bf2 e5 30. Qd3 Nf6 31. Qd8+ Qxd8 32. Rxd8+ Kf7 33. Bh4 e4 34. Rb8 Ke6 35. Bxf6 Kxf6 36.
fxe4 Ke5 37. Bf3 Rd7 38. h4 Re7 39. Kh2 Bxe4 40. Bxe4 Kxe4 41. Kh3 Kd3 0-1

[Event "Late-Titled-Tuesday-Blitz-September-12-2023"]
[Site "Chess.com"]
[Date "2023.09.12"]
[Round "11"]
[White "Dr_crypt"]
[Black "TatjanaVasilevich"]
[Result "0-1"]
[WhiteElo "2439"]
[BlackElo "2610"]
[TimeControl "180+1"]
[EndTime "16:00:05 PDT"]
[Termination "TatjanaVasilevich won on time"]

1. d4 Nf6 2. Nf3 e6 3. Bg5 Be7 4. e3 d5 5. c4 dxc4 6. Bxc4 a6 7. O-O b5 8. Be2 Bb7 9. Nbd2 Nbd7 10. Rc1 h6 11. Bh4 Rc8 12. a4 b4 13. Nb3 c5 14.
dxc5 Nxc5 15. Qxd8+ Kxd8 16. Nxc5 Rxc5 17. Rfd1+ Ke8 18.
Rxc5 Bxc5 19. Ne5 g5 20. Bg3 h5 21. h4 g4 22. Bf4 Nd5 23. g3 f6 24. Nc4 e5 25. e4 Nxf4 26. gxf4 exf4 27. Nd6+ Bxd6 28. Rxd6 Ke7 29. Rb6 Bxe4 30. Rxb4 f5 31. Bxa6 Rd8 32.
Be2 Rd2 33. Kf1 g3 34. fxg3 fxg3 35. Rxe4+ fxe4 36. Bxh5 Rxb2 37. a5 Ra2 38. a6 Rxa6 39. Kg2 Ra3 40. Bg6 Re3 41. h5 Kf6 42. Bh7 Kg5 43. Bg6 Kf4 44. h6 Re2+ 45. Kg1 Rh2 46. h7 e3 47. Bd3 Rxh7 48. Bxh7 e2 0-1

[Event "Late-Titled-Tuesday-Blitz-September-12-2023"]
[Site "Chess.com"]
[Date "2023.09.12"]
[Round "11"]
[White "Skagoogle"]
[Black "Bilan_Danila"]
[Result "1-0"]
[WhiteElo "2774"]
[BlackElo "2567"]
[TimeControl "180+1"]
[EndTime "16:00:06 PDT"]
[Termination "Skagoogle won on time"]

1. e4 c6 2. Nf3 d5 3. d3 Bg4 4. h3 Bxf3 5. Qxf3 e6 6. g3 Nd7 7.
Bg2 Ngf6 8. O-O Bc5 9. exd5 cxd5 10. c4 O-O 11. Nc3 Ne5 12. Qe2 Nc6 13. Bg5 Re8 14.
a3 dxc4 15. dxc4 h6 16. Be3 Bxe3 17. Qxe3 a5 18. Rfd1 Qe7 19. b3 Rad8 20. Nb5 Rxd1+ 21. Rxd1 Rd8 22. Rd3 Rxd3 23. Qxd3 Nd7 24. Qd6 Qxd6 25. Nxd6 Nd4 26. b4 axb4 27. axb4 b6 28. Nc8 Nc2 29.
b5 Nd4 30. Bc6 1-0

[Event "Late-Titled-Tuesday-Blitz-September-12-2023"]
[Site "Chess.com"]
[Date "2023.09.12"]
[Round "11"]
[White "Vadim_Biliy"]
[Black "GMJustin"]
[Result "1-0"]
[WhiteElo "2197"]
[BlackElo "2202"]
[TimeControl "180+1"]
[EndTime "16:00:08 PDT"]
[Termination "Vadim_Biliy won on time"]

1. d4 d5 2. Nf3 Nf6 3. e3 a6 4. c4 e6 5. Nc3 c5 6. cxd5 exd5 7. Be2 Nc6 8. O-O c4 9. a4 Bb4 10. Ne5 O-O 11. Bf3 Re8 12. Nxc6 bxc6 13. Bd2 Bf5 14. b3 Bd3 15. Re1 Rb8 16. bxc4 Bxc4 17. Be2 Bxe2 18. Nxe2 Ne4 19. Bxb4 Rxb4 20. Qc2 Qd6 21. Rec1 Rc4 22. Qd3 Rxc1+ 23. Rxc1 a5 24. Ng3 Nxg3 25. hxg3 Rb8 26.
Qc3 g6 27. Qxc6 Qxc6 28. Rxc6 Rb4 29. Rc5 Rxa4 30. Rxd5 Ra1+ 31. Kh2 a4 32. Ra5 a3 33. g4 a2 34. Kg3 Kf8 35. f3 Re1 36. Rxa2 Rxe3 37.
Kf4 Re1 38. Rd2 Ke7 39. d5 Kd6 40. Kg5 Rg1 41. Kf6 h5 42. g5 1-0

[Event "Late-Titled-Tuesday-Blitz-September-12-2023"]
[Site "Chess.com"]
[Date "2023.09.12"]
[Round "11"]
[White "McCarthyStone"]
[Black "Gyulamiryan-koryun"]
[Result "1-0"]
[WhiteElo "2481"]
[BlackElo "2008"]
[TimeControl "180+1"]
[EndTime "16:00:10 PDT"]
[Termination "McCarthyStone won by resignation"]

1. Nf3 Nf6 2. b3 g6 3. Bb2 Bg7 4. d4 O-O 5. e3 d6 6. c4 c5 7. Be2 Nc6 8. O-O Bf5 9. Nc3 Nb4 10. Rc1 Ne4 11. a3 Nxc3 12. Bxc3 Na2 13. Qd2 Nxc1 14. Rxc1 cxd4 15. Nxd4 Bd7 16. h4 h5 17. Qb2 f6 18. Qc2 e5 19. Nf3 Bf5 20.
Qd2 Qc7 21. Nh2 Rad8 22. Nf1 Qe7 23. Ng3 Bg4 24. Bf1 Bc8 25. Ne4 Bf5 26. Bd3 Bxe4 27. Bxe4 f5 28. Bd5+ Kh7 29. g3 Bh6 30. Qe2 Qf6 31.
Rd1 Qe7 32. a4 Qe8 33. Qc2 e4 34. Bxb7 Rd7 35. Bc6 Rff7 36. Rxd6 Qd8 37. Rxd7 Rxd7 38. Bxd7 Qxd7 39. Qd2 Qe7 40. Qd4 Bg7 41. Qxg7+ Qxg7 42. Bxg7 Kxg7 43. b4 Kf6 44. Kf1 Ke5 45. Ke2 Kd6 46.
Kd2 Kc6 47. Kc3 a6 48. Kd4 Kd6 49. b5 axb5 50. cxb5 Ke6 51. a5 Kd6 52. a6 Kc7 53.
Ke5 Kb6 54. Kf6 Kxb5 55. a7 Ka6 56. a8=Q+ Kb5 57. Qc8 1-0

[Event "Late-Titled-Tuesday-Blitz-September-12-2023"]
[Site "Chess.com"]
[Date "2023.09.12"]
[Round "11"]
[White "h4parah5"]
[Black "GothamChess"]
[Result "1-0"]
[WhiteElo "2959"]
[BlackElo "2729"]
[TimeControl "180+1"]
[EndTime "16:00:12 PDT"]
[Termination "h4parah5 won on time"]

1. Nf3 g6 2. d4 Bg7 3. c4 d6 4.
Nc3 Bg4 5. e3 Nc6 6. Be2 Nf6 7.
h3 Bc8 8. d5 Nb8 9. e4 O-O 10.
Be3 c5 11. O-O Na6 12. Rb1 Rb8 13. a3 Ne8 14. Qc2 f5 15. Qd2 Nf6 16. Bd3 fxe4 17.
Nxe4 Nc7 18. b4 cxb4 19. axb4 b6 20. Nd4 Bd7 21. b5 Qc8 22. Nc6 Bxc6 23. bxc6 Ra8 24. Ng5 h6 25. Nf3 g5 26. Nd4 Nh5 27. Rfe1 Nf4 28.
Bxf4 Rxf4 29. Ne6 Nxe6 30. Rxe6 Qf8 31. f3 a5 32. Rbe1 Ra7 33. Bb1 a4 34. Qd3 Qf7 35. Qh7+ Kf8 36. Kh1 a3 37. Bg6 Qg8 38. Rxe7 Rxe7 39.
Rxe7 Kxe7 40. Qxg8 1-0

[Event "Late-Titled-Tuesday-Blitz-September-12-2023"]
[Site "Chess.com"]
[Date "2023.09.12"]
[Round "11"]
[White "CuteSheepCloud"]
[Black "Defenstrator"]
[Result "1-0"]
[WhiteElo "2637"]
[BlackElo "2354"]
[TimeControl "180+1"]
[EndTime "16:00:12 PDT"]
[Termination "CuteSheepCloud won by resignation"]

1. e4 c5 2. Nc3 a6 3. a4 Nc6 4. Nge2 g6 5. d4 cxd4 6. Nxd4 Bg7 7. Be3 Nf6 8. Nxc6 bxc6 9. e5 Nd5 10. Nxd5 cxd5 11.
Qxd5 Rb8 12. O-O-O d6 13. Bxa6 Bxa6 14. Qc6+ Qd7 15.
Qxa6 Bxe5 16. Bd4 Bxd4 17. Rxd4 O-O 18. h4 Ra8 19. Qc4 Rfc8 20. Qb3 Rcb8 21. Qa3 Qf5 22. f3 Qe5 23. Re4 Qf6 24. b3 Ra5 25. Qb2 e5 26. h5 Re8 27. hxg6 hxg6 28. Qc3 Rc5 29. Qd2 Rec8 30. Reh4 Rxc2+ 31. Qxc2 Rxc2+ 32. Kxc2 Qf5+ 33. Kb2 Qd3 34. Rc4 d5 35. Rc2 e4 36. fxe4 dxe4 37. Re1 f5 38. Ree2 f4 39. a5 f3 40.
gxf3 exf3 41. Rf2 g5 42. Rc3 Qd5 43. Rcxf3 Qxa5 44. Rf5 Qd8 45. b4 Qd4+ 46. Kb3 Qd3+ 47. Ka4 Qa6+ 48. Ra5 Qc6+ 49. Kb3 Qe6+ 50. Kb2 g4 51.
Rg5+ Kh7 52. Rh2+ 1-0

[Event "Late-Titled-Tuesday-Blitz-September-12-2023"]
[Site "Chess.com"]
[Date "2023.09.12"]
[Round "11"]
[White "MagnusCarlsen"]
[Black "Zkid"]
[Result "1-0"]
[WhiteElo "3222"]
[BlackElo "2954"]
[TimeControl "180+1"]
[EndTime "16:00:16 PDT"]
[Termination "MagnusCarlsen won by resignation"]

1. e4 e6 2. d4 d5 3. exd5 exd5 4. Nf3 Nc6 5. Bb5 Bd6 6. O-O Bg4 7. c4 dxc4 8. Bxc4 Nf6 9. Re1+ Ne7 10. Qb3 O-O 11.
Ne5 Bh5 12. Nc3 Nc6 13. Nxc6 bxc6 14. Qa4 Bxh2+ 15. Kxh2 Ng4+ 16. Kg3 Qd6+ 17. Bf4 Qg6 18. Bf1 Rab8 19. Rab1 Rb6 20. f3 c5 21. dxc5 Rf6 22.
Qe4 Rf5 23. fxg4 Qxg4+ 24. Kh2 Rxf4 25. Qe3 Qh4+ 26. Kg1 Qg5 27. Be2 Bg6 28. Nd5 Qxd5 29. Qxf4 Bxb1 30. Rxb1 Qxc5+ 31. Qf2 Qc2 32. Re1 Qxb2 33.
Bc4 Qb6 34. Bxf7+ Kh8 35. Qxb6 cxb6 36. Re7 g6 37. Rxa7 Rd8 38. Rb7 Rd6 39. Bb3 h5 40. Kf2 g5 41. Kf3 Rf6+ 42. Ke4 g4 43. Ke5 Rc6 44. Bd5 Rh6 45. Kf4 Rd6 46. Be4 Rd2 47. Rh7+ Kg8 48. Rxh5 Kg7 49. Rb5 Rxa2 50. Rxb6 Ra4 51.
Rg6+ Kf7 52. Rxg4 1-0

[Event "Late-Titled-Tuesday-Blitz-September-12-2023"]
[Site "Chess.com"]
[Date "2023.09.12"]
[Round "11"]
[White "temus_galaktionov"]
[Black "BigAl"]
[Result "1-0"]
[WhiteElo "2827"]
[BlackElo "2564"]
[TimeControl "180+1"]
[EndTime "16:00:16 PDT"]
[Termination "temus_galaktionov won by resignation"]

1. d4 Nf6 2. Nf3 g6 3. c4 Bg7 4. Nc3 O-O 5. e4 d6 6. Be2 Bg4 7. Ng1 Bc8 8. Nf3 Bg4 9. O-O Nbd7 10. Be3 e5 11. dxe5 dxe5 12. h3 Bxf3 13. Bxf3 c6 14. b4 Qe7 15. c5 Rfd8 16. Qa4 a6 17. Be2 Nf8 18. Bc4 Ne6 19. Bxe6 Qxe6 20. Qb3 Qxb3 21. axb3 Rd3 22. Rfc1 Rad8 23. Kf1 Rxc3 24. Rxc3 Nxe4 25. Rcc1 Nf6 26. Bg5 Rd4 27. Rd1 Nd5 28. Rxd4 exd4 29. Re1 Kf8 30. Bd2 f5 31. Ke2 Kf7 32. Kd3 Bf6 33.
Kc4 g5 34. Bc1 h6 35. Bb2 Nf4 36. Bxd4 Nxg2 37. Rd1 Nf4 38. Bxf6 Kxf6 39. Rd6+ Ne6 40. Rd7 h5 41. Rxb7 g4 42. h4 f4 43. Kd3 a5 44.
Rh7 axb4 45. Rxh5 Ng7 46. Rg5 Ne6 47. Rxg4 Nxc5+ 48. Kc4 Ne6 49. Kxb4 Kf5 50. Rg8 1-0

[Event "Late-Titled-Tuesday-Blitz-September-12-2023"]
[Site "Chess.com"]
[Date "2023.09.12"]
[Round "11"]
[White "OYAcosta"]
[Black "traack"]
[Result "0-1"]
[WhiteElo "2233"]
[BlackElo "2361"]
[TimeControl "180+1"]
[EndTime "16:00:18 PDT"]
[Termination "traack won by resignation"]

1. d4 Nf6 2. Bf4 e6 3. e3 c5 4. Nf3 Nc6 5. Nbd2 h6 6. c3 d5 7.
Bd3 Bd6 8. Bg3 Nh5 9. Bxd6 Qxd6 10. dxc5 Qxc5 11. Nd4 Nf6 12. O-O Bd7 13. N2f3 O-O 14.
Bc2 Rfe8 15. Nxc6 bxc6 16. Ne5 Qd6 17. f4 Bc8 18. Ba4 Bb7 19. g4 Ne4 20. Bc2 f6 21. Nc4 Qc5 22. Bxe4 Qxc4 23. Bg6 Re7 24. g5 fxg5 25.
fxg5 Qh4 26. Rf4 Qxg5+ 27. Rg4 Qxe3+ 28. Kh1 c5 29. Qc2 d4+ 30. Be4 d3 31. Qg2 d2 32.
Bxb7 Qe1+ 33. Qg1 Qxg1+ 34. Kxg1 Rxb7 35. Rd1 Rxb2 36. Rg2 Rd8 37. Kf2 Rxa2 38. Ke3 Rc2 39. c4 Rxc4 40. Rgxd2 Rcd4 41. Rxd4 cxd4+ 42. Ke4 d3 43. Ke5 Kf7 44. Ra1 d2 45. Rxa7+ Kg6 46. Kxe6 d1=Q 0-1

[Event "Late-Titled-Tuesday-Blitz-September-12-2023"]
[Site "Chess.com"]
[Date "2023.09.12"]
[Round "11"]
[White "DeTimmerman"]
[Black "newyorkmouse"]
[Result "1-0"]
[WhiteElo "2643"]
[BlackElo "2474"]
[TimeControl "180+1"]
[EndTime "16:00:23 PDT"]
[Termination "DeTimmerman won by checkmate"]

1. b4 d5 2. Bb2 e6 3. e3 Nf6 4. b5 a5 5. a4 Nbd7 6. c4 Nb6 7. cxd5 exd5 8. Nf3 Be7 9. Be2 O-O 10.
O-O c6 11. d4 cxb5 12. axb5 Bf5 13. Nc3 Ne4 14. Na4 Nc4 15. Bxc4 dxc4 16. Ne5 Rc8 17.
Rc1 Qe8 18. Nb6 Rc7 19. Nd5 Rc8 20. Nxc4 Bb4 21. f3 Qxb5 22. fxe4 Rxc4 23. Rxf5 Rxc1 24. Qxc1 Qd3 25. Nxb4 axb4 26. h3 b3 27. Qc3 Qxe4 28.
Rb5 Ra8 29. Qxb3 h6 30. Rxb7 Qg6 31. Rb8+ Rxb8 32. Qxb8+ Kh7 33. Kh2 h5 34. Qe5 h4 35.
d5 Kg8 36. Qxg7+ Qxg7 37. Bxg7 Kxg7 38. g3 hxg3+ 39. Kxg3 Kf6 40. Kf4 Kg7 41. e4 Kg6 42. e5 Kg7 43. Kf5 Kf8 44. Kf6 Kg8 45.
d6 Kh7 46. d7 Kh6 47. d8=R Kh5 48. Rh8# 1-0

[Event "Late-Titled-Tuesday-Blitz-September-12-2023"]
[Site "Chess.com"]
[Date "2023.09.12"]
[Round "11"]
[White "SpeedofLight0"]
[Black "BogdanDeac"]
[Result "1-0"]
[WhiteElo "3090"]
[BlackElo "2970"]
[TimeControl "180+1"]
[EndTime "16:00:26 PDT"]
[Termination "SpeedofLight0 won by resignation"]

1. e4 e5 2. Nf3 Nf6 3. Nxe5 d6 4.
Nf3 Nxe4 5. Nc3 Nxc3 6. dxc3 Be7 7. Be3 O-O 8. Qd2 Nd7 9. O-O-O Nf6 10. Bd3 Re8 11.
h4 Bg4 12. Kb1 d5 13. Rde1 Ne4 14. Qc1 Bf6 15. Ng5 h6 16. f3 hxg5 17. hxg5 Bxg5 18. fxe4 Bxe3 19. Qxe3 dxe4 20. Bc4 Qd6 21. Qg5 Be6 22.
Qh5 Kf8 23. Rxe4 Rad8 24. a3 f6 25. Qg6 Bxc4 26. Rxc4 Re5 27. Rh8+ Ke7 28. Qxg7+ Ke6 29. Rd4 Re1+ 30. Ka2 Qc6 31. Rhxd8 1-0

[Event "Late-Titled-Tuesday-Blitz-September-12-2023"]
[Site "Chess.com"]
[Date "2023.09.12"]
[Round "11"]
[White "Chaos_Magic"]
[Black "santosalberto1987"]
[Result "1-0"]
[WhiteElo "2418"]
[BlackElo "2521"]
[TimeControl "180+1"]
[EndTime "16:00:26 PDT"]
[Termination "Chaos_Magic won by resignation"]

1. d4 d5 2. c4 c6 3. Nf3 Nf6 4.
Nbd2 Bf5 5. Nh4 Bc8 6. e3 e6 7. Bd3 Be7 8. Nhf3 Nbd7 9. O-O O-O 10. b3 b6 11. Bb2 Bb7 12. Ne5 Nxe5 13. dxe5 Nd7 14.
Qh5 h6 15. Qe2 c5 16. Rad1 Qc7 17. f4 f6 18. Qh5 f5 19. cxd5 Bxd5 20. e4 fxe4 21.
Nxe4 Qb7 22. Qg6 Rf7 23. Nd6 Bxd6 24. Qh7+ Kf8 25. exd6 Ke8 26. Bg6 Nf8 27. Qg8 e5 28.
Bxe5 Be6 29. Bxg7 Kd7 30. Bxf7 Bxf7 31. Qxf7+ Kc6 32. Qxb7+ Kxb7 33. Bxf8 Rxf8 34. d7 Rd8 35.
Rfe1 Kc7 36. Re8 Rxd7 37. Rxd7+ Kxd7 38. Rh8 Kc6 39. Rxh6+ Kd5 40. Rh7 a5 41. f5 Ke5 42.
Rb7 Kxf5 43. Rxb6 Ke4 44. Rc6 Kd4 45. h4 1-0

[Event "Late-Titled-Tuesday-Blitz-September-12-2023"]
[Site "Chess.com"]
[Date "2023.09.12"]
[Round "11"]
[White "DryCounty"]
[Black "Jahonas"]
[Result "1-0"]
[WhiteElo "2647"]
[BlackElo "2449"]
[TimeControl "180+1"]
[EndTime "16:00:29 PDT"]
[Termination "DryCounty won on time"]

1. e4 c6 2. d4 d5 3. Nc3 dxe4 4. Nxe4 Bf5 5. Qf3 Bxe4 6. Qxe4 Nf6 7. Qh4 Nbd7 8. Nf3 e6 9. Bd3 h6 10. O-O Be7 11.
Qg3 g5 12. Ne5 Nxe5 13. dxe5 Nd5 14. Re1 h5 15. a3 h4 16. Qf3 Qa5 17. c3 Rg8 18. b4 Qc7 19. c4 g4 20. Qe4 Nb6 21. Qh7 O-O-O 22. Qxf7 g3 23. fxg3 hxg3 24. Qxe6+ Kb8 25.
h3 Rgf8 26. Be4 Rf2 27. Be3 Rdf8 28. Rf1 Rxf1+ 29. Rxf1 Rxf1+ 30. Kxf1 a5 31. Qg8+ Bd8 32. Bg5 Qxe5 33. Qxd8+ Ka7 34. c5 Qa1+ 35. Ke2 Qa2+ 36. Kf3 Qf7+ 37. Kg4 Nc4 38. Kxg3 axb4 39. axb4 Qe6 40. Qd4 Ne5 41. Bf4 Qg8+ 42. Kh2 1-0

[Event "Late-Titled-Tuesday-Blitz-September-12-2023"]
[Site "Chess.com"]
[Date "2023.09.12"]
[Round "11"]
[White "Inepton_Fermion"]
[Black "Michalczak"]
[Result "0-1"]
[WhiteElo "2378"]
[BlackElo "2517"]
[TimeControl "180+1"]
[EndTime "16:00:30 PDT"]
[Termination "Michalczak won by checkmate"]

1. Nf3 d5 2. b3 Bg4 3. Bb2 Bxf3 4. exf3 e6 5. d3 Nf6 6. Nd2 Nbd7 7. Qe2 Bd6 8. g3 Qe7 9. f4 Ba3 10. Bxa3 Qxa3 11. Bg2 O-O 12. O-O c6 13. Nf3 g6 14.
Rfe1 Rfe8 15. Ne5 Nxe5 16. fxe5 Nd7 17. f4 a5 18. Qd2 c5 19. c3 Nb8 20. f5 exf5 21.
Bxd5 Nc6 22. e6 fxe6 23. Bxe6+ Kg7 24. Bd7 Ne5 25. Qg2 Re7 26. d4 cxd4 27. cxd4 Rxd7 28.
dxe5 Re8 29. e6 Rde7 30. Qd5 a4 31. bxa4 Qxa4 32. Rab1 Qa7+ 33. Kh1 Qa6 34. Re3 Rxe6 35. Ra1 Rxe3 36. Qg8+ Kxg8 37. Re1 Rxe1+ 38. Kg2 Qf1# 0-1

[Event "Late-Titled-Tuesday-Blitz-September-12-2023"]
[Site "Chess.com"]
[Date "2023.09.12"]
[Round "11"]
[White "chosenpr"]
[Black "KamlaPasand"]
[Result "0-1"]
[WhiteElo "2349"]
[BlackElo "2295"]
[TimeControl "180+1"]
[EndTime "16:00:31 PDT"]
[Termination "KamlaPasand won on time"]

1. e4 e5 2. Nf3 Nc6 3. Bb5 a6 4. Ba4 Nf6 5. d3 b5 6. Bb3 Bc5 7. c3 d6 8. O-O Bb7 9. Nbd2 O-O 10.
h3 h6 11. Re1 Bb6 12. Nf1 Ne7 13. Nh4 Kh7 14. Qf3 Ng6 15. Nf5 c6 16. Be3 Bc7 17. N1g3 d5 18. d4 c5 19. exd5 exd4 20. cxd4 c4 21.
Bc2 Bxd5 22. Qd1 Kh8 23. Qd2 Ng8 24. Nh5 Bb7 25. Nhxg7 Qd5 26. f3 Rad8 27. Be4 Qd7 28. Bxb7 N6e7 29. Be4 Nxf5 30. Nxf5 Bb8 31. Bxh6 Qc7 32.
Bg7+ Kh7 33. Nh4+ Kxg7 34. Qg5+ Kh8 35. Qh5+ Kg7 36. Nf5+ Kf6 37. Qh4+ Kg6 38. Qg4+ Kf6 39. Qg7+ Ke6 40. Bc6+ Kxf5 41. g4+ Kf4 42. Re4+ Kxf3 43.
Re7+ Qxc6 44. Rxf7+ Rxf7 45. Qxf7+ Nf6 46. Rf1+ Kg3 47.
Rf3+ Qxf3 0-1

[Event "Late-Titled-Tuesday-Blitz-September-12-2023"]
[Site "Chess.com"]
[Date "2023.09.12"]
[Round "11"]
[White "KaydenTroffChess"]
[Black "Perecke"]
[Result "1-0"]
[WhiteElo "2761"]
[BlackElo "2537"]
[TimeControl "180+1"]
[EndTime "16:00:33 PDT"]
[Termination "KaydenTroffChess won by resignation"]

1. d4 Nf6 2. Nf3 e6 3. Bf4 d5 4. e3 c5 5. Nc3 a6 6. Ne5 Nc6 7. Be2 Bd6 8. Nxc6 bxc6 9. dxc5 Bxc5 10. O-O O-O 11. Bf3 Bd6 12. Bg5 h6 13. Bh4 g5 14.
Bg3 Bxg3 15. hxg3 e5 16. e4 d4 17. Na4 Qa5 18. c3 c5 19. cxd4 cxd4 20. b3 Bd7 21. Nb2 g4 22. Be2 Nxe4 23. Nc4 Qc7 24. Rc1 Nc3 25. Qd2 Kg7 26. f4 Bb5 27. Bxg4 Bxc4 28.
bxc4 Rad8 29. fxe5 Qxe5 30. Rf5 Qe7 31. Re1 Qd6 32.
c5 Qg6 33. Ree5 Nb5 34. Bh5 Qxg3 35. Rg5+ hxg5 36. Rxg5+ Qxg5 37. Qxg5+ Kh7 38. Bg4 f6 39. Bf5+ Kh8 40. Qh6+ 1-0

[Event "Late-Titled-Tuesday-Blitz-September-12-2023"]
[Site "Chess.com"]
[Date "2023.09.12"]
[Round "11"]
[White "AndreiITrifan"]
[Black "K_A_S_T_O_R"]
[Result "0-1"]
[WhiteElo "2666"]
[BlackElo "2936"]
[TimeControl "180+1"]
[EndTime "16:00:35 PDT"]
[Termination "K_A_S_T_O_R won on time"]

1. Nf3 Nf6 2. e3 g6 3. b3 Bg7 4.
Bb2 O-O 5. Be2 b6 6. c4 Bb7 7. Nc3 d6 8. d4 e6 9. Qc2 Nbd7 10.
O-O-O Qe7 11. h4 c5 12. d5 exd5 13. cxd5 a6 14. a4 b5 15. axb5 axb5 16. Bxb5 Nb6 17.
Bc4 Nxc4 18. bxc4 Ba6 19. Nd2 Ng4 20. Rdf1 f5 21. h5 g5 22. h6 Bxh6 23. e4 f4 24. e5 Qxe5 25. Nce4 Qe7 26. Qc3 Bg7 27. Qxg7+ Qxg7 28. Bxg7 Kxg7 29. Nxg5 Bc8 30. Kb2 Bf5 31. Nb3 Rfb8 32. f3 Ne3 33. Ra1 Nxc4+ 34. Kc3 Ne3 35.
Rxa8 Nxd5+ 36. Kc4 Ne3+ 37. Kc3 Rxa8 38. Nh3 Bxh3 39.
gxh3 Kf6 40. h4 Rc8 41. Rg1 d5 42. Nd2 h6 43. Ra1 Ke5 44. Ra6 c4 0-1

[Event "Late-Titled-Tuesday-Blitz-September-12-2023"]
[Site "Chess.com"]
[Date "2023.09.12"]
[Round "11"]
[White "talaicito"]
[Black "AlexNovitz"]
[Result "0-1"]
[WhiteElo "2176"]
[BlackElo "2172"]
[TimeControl "180+1"]
[EndTime "16:00:35 PDT"]
[Termination "AlexNovitz won on time"]

1. d4 Nf6 2. Nc3 d5 3. Bf4 a6 4. e3 Bf5 5. Nf3 h6 6. Ne5 e6 7.
g4 Bh7 8. h4 Nbd7 9. Bd3 Bxd3 10.
Qxd3 Nxe5 11. Bxe5 Nxg4 12. Bg3 Bd6 13. Qe2 h5 14. O-O-O Bxg3 15. fxg3 f5 16. Na4 Qd6 17. Nc5 O-O 18. Nxb7 Qxg3 19. Rde1 f4 20. exf4 Qxf4+ 21. Kb1 Rae8 22. c3 Nf2 23. Nc5 Nxh1 24. Rxh1 e5 25.
Qxh5 Qf5+ 26. Qxf5 Rxf5 27. dxe5 Rfxe5 28. Kc2 Re2+ 29. Kb3 a5 30. Na6 c6 31. Rg1 Rh2 32. Rg4 Ree2 0-1

[Event "Late-Titled-Tuesday-Blitz-September-12-2023"]
[Site "Chess.com"]
[Date "2023.09.12"]
[Round "11"]
[White "kacprekt"]
[Black "farzadbfd"]
[Result "0-1"]
[WhiteElo "2521"]
[BlackElo "2697"]
[TimeControl "180+1"]
[EndTime "16:00:38 PDT"]
[Termination "farzadbfd won by resignation"]

1. e4 e5 2. Nf3 Nc6 3. Nc3 Nf6 4. Bc4 d6 5. Ng5 d5 6. Nxd5 Nxd5 7. Nxf7 Kxf7 8.
exd5 Na5 9. Qh5+ g6 10. Qxe5 Bg7 11. Qf4+ Qf6 12. Qxc7+ Qe7+ 13. Qxe7+ Kxe7 14. Bd3 Kd6 15. c4 Re8+ 16. Kd1 Bd7 17. Rb1 Rac8 18. b3 Bd4 19. Ba3+ Kc7 20. b4 Ba4+ 21. Kc1 Nxc4 22. Bxc4 Kd7 23. d3 Re2 24. Rb3 b5 25. Kb1 bxc4 26.
dxc4 Bxb3 27. axb3 Rf8 28. Rd1 Bxf2 29. b5 Rc8 30. Rf1 Re1+ 31. Rxe1 Bxe1 32. c5 Rb8 33. c6+ Kc8 34. d6 Rxb5 35. Bb2 Rxb3 36. Kc2 Rxb2+ 37. Kxb2 Bb4 38. d7+ Kc7 39. Kb3 Be7 0-1

[Event "Late-Titled-Tuesday-Blitz-September-12-2023"]
[Site "Chess.com"]
[Date "2023.09.12"]
[Round "11"]
[White "NovikovaGalina"]
[Black "cukin84"]
[Result "1-0"]
[WhiteElo "2409"]
[BlackElo "2238"]
[TimeControl "180+1"]
[EndTime "16:00:38 PDT"]
[Termination "NovikovaGalina won by checkmate"]

1. e4 c6 2. d4 d5 3. e5 c5 4. dxc5 e6 5. Qg4 Nd7 6. Nf3 Nxc5 7. Nc3 Ne7 8. Be2 h5 9. Qf4 Ng6 10. Qe3 a6 11. O-O Be7 12. Rd1 Qc7 13. a4 h4 14. h3 Nd7 15. Nxd5 exd5 16. e6 fxe6 17. Qxe6 Ndf8 18. Qxd5 Be6 19. Qe4 Qc6 20. Qe3 Bc5 21. Qg5 Be7 22. Qa5 Nd7 23. Bg5 Bc5 24. Bd3 Ne7 25. Bxe7 Kxe7 26. Re1 Rh6 27. Qd2 Rg6 28.
Bxg6 Rf8 29. Be4 Qd6 30. Bd5 Bxf2+ 31. Kxf2 Qg3+ 32. Kg1 Nc5 33. Bxe6 Nxe6 34. Qe3 Qd6 35. Rad1 Qc6 36. Ne5 Qc5 37. Ng6+ Kf6 38. Nxf8 Qxe3+ 39.
Rxe3 Nxf8 40. Rf1+ Kg6 41. Rxf8 Kh6 42. Rf4 g5 43.
Rb4 Kh5 44. Rb6 a5 45. Reb3 g4 46. R3b5# 1-0

[Event "Late-Titled-Tuesday-Blitz-September-12-2023"]
[Site "Chess.com"]
[Date "2023.09.12"]
[Round "11"]
[White "Bigfish1995"]
[Black "Njal28"]
[Result "0-1"]
[WhiteElo "3067"]
[BlackElo "3118"]
[TimeControl "180+1"]
[EndTime "16:00:41 PDT"]
[Termination "Njal28 won by resignation"]

1. h3 d5 2. Nf3 Nf6 3. e3 c5 4. b3 Nc6 5. Bb2 a6 6. d4 Bf5 7.
dxc5 e6 8. Nd4 Bxc5 9. Nxf5 exf5 10. Bd3 g6 11. O-O O-O 12. Nc3 Re8 13. Ne2 Qe7 14.
c4 Rad8 15. Qc1 d4 16. exd4 Nxd4 17. Nf4 Qc7 18. Rd1 Ne4 19. b4 Nxf2 20. Nd5 Nf3+ 21. Kf1 Nh2+ 22. Kg1 Nxh3+ 23. Kh1 Nf2+ 24. Kg1 Nf3+ 25.
Kf1 Qh2 26. Nf6+ Kf8 27. Nxh7+ Qxh7 28. bxc5 Nxd1 29. Qxd1 Re1+ 30. Qxe1 Nxe1 31. Rxe1 Qh1+ 32. Kf2 Qh4+ 33. Ke2 Re8+ 34. Kd1 Qxe1+ 35. Kc2 Re2+ 36. Bxe2 Qxe2+ 37. Kb3 Ke8 38. c6 bxc6 39. Bc3 Qxg2 40. Bd4 Qe4 41. Bc5 f4 42. Kc3 f3 0-1